[Event "FIDE Grand Swiss 2023"]
[Site "Villa Marina, Douglas, Isle of Man"]
[Date "2023.10.28"]
[Round "4.43"]
[White "Vokhidov, Shamsiddin"]
[Black "Mamedov, Rauf"]
[Result "1/2-1/2"]
[WhiteElo "2578"]
[BlackElo "2640"]
[EventDate "2023.10.25"]
[ECO "B30"]
[PlyCount "68"]
[BlackFideId "13401653"]
[TimeControl "40/100 + 20/50 + 15 + 30s/move"]
[WhiteFideId "14204223"]

1.e4 c5 2.Nf3 Nc6 3.Bb5 d6 4.O-O Bd7 5.Re1 Nf6 6.c3 a6 7.Bf1 Bg4 8.h3 Bxf3 9.Qxf3 Rg8 10.Qe3 g5 11.d4 cxd4 12.cxd4 e5 13.dxe5 dxe5 14.Nc3 g4 15.Rd1 Nd4 16.Qg3 Bd6 17.hxg4 Rxg4 18.Qh3 Qc8 19.Be3 Rg6 20.Qxc8+ Rxc8 21.Bxd4 exd4 22.Rxd4 Bc5 23.Rd2 Ng4 24.Bd3 Rh6 25.Nd5 Bxf2+ 26.Rxf2 Rh1+ 27.Kxh1 Nxf2+ 28.Kh2 Nxd3 29.Kg3 Rc2 30.b4 Kf8 31.Rd1 Ne5 32.a4 Rb2 33.Rc1 Rb3+ 34.Rc3 Rxc3+ 1/2-1/2

[Event "FIDE Grand Swiss 2023"]
[Site "Villa Marina, Douglas, Isle of Man"]
[Date "2023.10.28"]
[Round "4.44"]
[White "Amar, Elham"]
[Black "Warmerdam, Max"]
[Result "1-0"]
[WhiteElo "2568"]
[BlackElo "2636"]
[EventDate "2023.10.25"]
[ECO "B89"]
[PlyCount "81"]
[BlackFideId "1048104"]
[TimeControl "40/100 + 20/50 + 15 + 30s/move"]
[WhiteFideId "1533533"]

1.e4 c5 2.Nf3 d6 3.d4 cxd4 4.Nxd4 Nf6 5.Nc3 Nc6 6.Bc4 e6 7.Be3 Bd7 8.Qe2 a6 9.O-O-O b5 10.Bb3 Na5 11.f3 Be7 12.g4 O-O 13.g5 Nh5 14.f4 g6 15.Kb1 Nxb3 16.axb3 b4 17.Na4 Qc7 18.f5 Qb7 19.f6 Bd8 20.Bc1 Rc8 21.Rhe1 Bc7 22.e5 Rfd8 23.exd6 Bxd6 24.Nf5 exf5 25.Rxd6 Bxa4 26.bxa4 h6 27.Qxa6 Qxa6 28.Rxa6 hxg5 29.Bxg5 f4 30.Rb6 Rd2 31.Rxb4 Rxh2 32.Bxf4 Rhxc2 33.Be5 R2c6 34.Rf1 Rc5 35.Bc3 g5 36.Rh1 Nf4 37.Re4 Nd5 38.Bd4 Rc4 39.Rg4 Nf4 40.Be3 Ng6 41.Rhg1 1-0

[Event "FIDE Grand Swiss 2023"]
[Site "Villa Marina, Douglas, Isle of Man"]
[Date "2023.10.28"]
[Round "4.45"]
[White "Aryan, Chopra"]
[Black "Theodorou, Nikolas"]
[Result "1/2-1/2"]
[WhiteElo "2634"]
[BlackElo "2619"]
[EventDate "2023.10.25"]
[ECO "A21"]
[PlyCount "143"]
[BlackFideId "4262875"]
[TimeControl "40/100 + 20/50 + 15 + 30s/move"]
[WhiteFideId "5084423"]

1.c4 e5 2.Nc3 Bb4 3.Nd5 Be7 4.Nf3 d6 5.g3 c6 6.Nxe7 Nxe7 7.Bg2 O-O 8.O-O f6 9.d3 Be6 10.b4 Qd7 11.a4 Bh3 12.e4 Bxg2 13.Kxg2 Qe6 14.Qe2 Nd7 15.d4 Rae8 16.d5 cxd5 17.cxd5 Qg4 18.h3 Qg6 19.Nh4 Qf7 20.Qb5 Rd8 21.Qxb7 f5 22.Nxf5 Nxf5 23.exf5 Qxf5 24.Qxa7 Nf6 25.Qe3 Rc8 26.Ra3 Nxd5 27.Qb3 e4 28.Bf4 Rc3 29.Qa2 Qf7 30.Rd1 Rxa3 31.Qxd5 Qxd5 32.Rxd5 Rxa4 33.Rxd6 Rxb4 34.Rd7 Re8 35.Be3 Reb8 36.g4 R4b7 37.Rd5 Re8 38.h4 h6 39.h5 Re6 40.Kg3 Rf7 41.Rd4 Kh7 42.Ra4 Rf3+ 43.Kg2 Rf7 44.Kg3 Rfe7 45.Bc5 Rb7 46.Be3 Rd7 47.Rb4 Rde7 48.Ra4 g6 49.hxg6+ Rxg6 50.Kh4 Rge6 51.Rb4 Rd7 52.Kg3 Kg6 53.Rb5 Rf7 54.Kg2 Kg7 55.Rb4 Kh7 56.Kg3 Kg6 57.Rb5 Kg7 58.Rb4 Kh7 59.Ra4 Rg7 60.Kh4 Rb7 61.Kg3 Kg7 62.Rc4 Rd7 63.Rb4 Rde7 64.Rb5 Kh7 65.Rh5 Rg7 66.Kh4 Reg6 67.g5 Rf7 68.Rxh6+ Rxh6+ 69.gxh6 Rxf2 70.Bxf2 Kxh6 71.Kg4 e3 72.Bxe3+ 1/2-1/2

[Event "FIDE Grand Swiss 2023"]
[Site "Villa Marina, Douglas, Isle of Man"]
[Date "2023.10.28"]
[Round "4.46"]
[White "Idani, Pouya"]
[Black "Mishra, Abhimanyu"]
[Result "1/2-1/2"]
[WhiteElo "2633"]
[BlackElo "2592"]
[EventDate "2023.10.25"]
[ECO "C02"]
[PlyCount "70"]
[BlackFideId "30920019"]
[TimeControl "40/100 + 20/50 + 15 + 30s/move"]
[WhiteFideId "12510130"]

1.e4 e6 2.d4 d5 3.e5 c5 4.c3 Nc6 5.Nf3 Qb6 6.a3 c4 7.Nbd2 Na5 8.Rb1 Bd7 9.h4 O-O-O 10.Be2 Kb8 11.h5 h6 12.Qc2 Ne7 13.Nf1 Nc8 14.Bf4 Qc7 15.Ne3 Nb6 16.Kf1 Be7 17.Kg1 Ba4 18.Qd2 Rdg8 19.Bg3 a6 20.Nh2 Ka7 21.Nhg4 Qd7 22.Bh4 Bxh4 23.Rxh4 Qe7 24.g3 Nb3 25.Qe1 f5 26.exf6 gxf6 27.Bd1 Rg7 28.Ng2 Nd7 29.Qe3 f5 30.Bxb3 Bxb3 31.Ne5 Nxe5 32.Qxe5 Bc2 33.Re1 Be4 34.Kh2 Bxg2 35.Kxg2 Re8 1/2-1/2

[Event "FIDE Grand Swiss 2023"]
[Site "Villa Marina, Douglas, Isle of Man"]
[Date "2023.10.28"]
[Round "4.47"]
[White "Samunenkov, Ihor"]
[Black "Kollars, Dmitrij"]
[Result "0-1"]
[WhiteElo "2531"]
[BlackElo "2633"]
[EventDate "2023.10.25"]
[ECO "D35"]
[PlyCount "104"]
[BlackFideId "12909572"]
[TimeControl "40/100 + 20/50 + 15 + 30s/move"]
[WhiteFideId "14187086"]

1.d4 d5 2.c4 e6 3.Nc3 Nf6 4.cxd5 exd5 5.Bg5 Bb4 6.Qb3 c5 7.dxc5 Qa5 8.Bxf6 gxf6 9.e3 Be6 10.a3 Bxc3+ 11.bxc3 Qxc5 12.Bb5+ Nc6 13.Ne2 O-O 14.O-O Rfc8 15.Nf4 Ne5 16.Rac1 Qb6 17.Qa4 Rc5 18.Rb1 Qd6 19.Be2 b6 20.Qd4 Rac8 21.e4 Nc6 22.Qd2 d4 23.Nh5 d3 24.Qh6 Rxh5 25.Bxh5 Qc5 26.Rfd1 Rd8 27.Bf3 Qg5 28.Qxg5+ fxg5 29.Rd2 Ne5 30.Be2 Kg7 31.Bf1 g4 32.h3 h5 33.hxg4 hxg4 34.Rb5 Kf6 35.Kh2 Rc8 36.Kg3 Rxc3 37.Kf4 Rc2 38.Rd1 Rxf2+ 39.Ke3 Ra2 40.Kf4 Rf2+ 41.Ke3 g3 42.Kd4 Bg4 43.Rxe5 Bxd1 44.Bxd3 Bg4 45.Re8 Rxg2 46.Rg8 Bd7 47.e5+ Ke7 48.Bc4 Rg1 49.Bd5 a5 50.Rg7 Be6 51.Bc6 Kf8 52.Rg5 Bh3 0-1

[Event "FIDE Grand Swiss 2023"]
[Site "Villa Marina, Douglas, Isle of Man"]
[Date "2023.10.28"]
[Round "4.48"]
[White "Murzin, Volodar"]
[Black "Greenfeld, Alon"]
[Result "1-0"]
[WhiteElo "2633"]
[BlackElo "2455"]
[EventDate "2023.10.25"]
[ECO "B45"]
[PlyCount "63"]
[BlackFideId "2800039"]
[TimeControl "40/100 + 20/50 + 15 + 30s/move"]
[WhiteFideId "44155573"]

1.e4 c5 2.Nf3 e6 3.d4 cxd4 4.Nxd4 Nc6 5.Nc3 Nf6 6.Ndb5 Bb4 7.a3 Bxc3+ 8.Nxc3 d5 9.exd5 exd5 10.Bd3 O-O 11.O-O Bg4 12.f3 Bh5 13.Bg5 Qb6+ 14.Kh1 Ne4 15.Nxe4 dxe4 16.Bxe4 Qxb2 17.Qb1 Qb6 18.Qxb6 axb6 19.Rfb1 Bg6 20.Bxg6 hxg6 21.Rxb6 Rfc8 22.Rxb7 Nd4 23.Be7 Rxc2 24.Rd7 Ra4 25.h3 Rac4 26.Re1 Ra2 27.Bb4 Nc6 28.Rc7 Rcc2 29.Bd6 Nd4 30.Re8+ Kh7 31.Rxf7 Rxg2 32.Be5 1-0

[Event "FIDE Grand Swiss 2023"]
[Site "Villa Marina, Douglas, Isle of Man"]
[Date "2023.10.28"]
[Round "4.49"]
[White "Santos Latasa, Jaime"]
[Black "Lazavik, Denis"]
[Result "1/2-1/2"]
[WhiteElo "2650"]
[BlackElo "2560"]
[EventDate "2023.10.25"]
[ECO "C50"]
[PlyCount "79"]
[BlackFideId "13515110"]
[TimeControl "40/100 + 20/50 + 15 + 30s/move"]
[WhiteFideId "2293307"]

1.e4 e5 2.Nf3 Nc6 3.Bc4 Bc5 4.d3 Nf6 5.O-O d6 6.c3 a6 7.a4 h6 8.Re1 O-O 9.Nbd2 Re8 10.Nf1 Ba7 11.Be3 Bxe3 12.Nxe3 Be6 13.Bxe6 Rxe6 14.b4 d5 15.Qc2 Qd7 16.b5 Ne7 17.c4 d4 18.Nd5 Ng6 19.g3 Nxd5 20.exd5 Re7 21.Nd2 f5 22.Qd1 Qd6 23.Qh5 Qf6 24.bxa6 Rxa6 25.a5 Rf7 26.Kh1 c6 27.dxc6 Qxc6+ 28.Kg1 Qc7 29.Reb1 Rff6 30.Qd1 Nf8 31.Rb5 b6 32.axb6 Raxb6 33.Rab1 Nd7 34.Qf3 Kh7 35.Rxb6 Nxb6 36.Rb5 e4 37.Qe2 Na4 38.Nxe4 fxe4 39.Qxe4+ Rg6 40.Qxd4 1/2-1/2

[Event "FIDE Grand Swiss 2023"]
[Site "Villa Marina, Douglas, Isle of Man"]
[Date "2023.10.28"]
[Round "4.50"]
[White "Parligras, Mircea-Emilian"]
[Black "Gledura, Benjamin"]
[Result "1/2-1/2"]
[WhiteElo "2561"]
[BlackElo "2633"]
[EventDate "2023.10.25"]
[ECO "D37"]
[PlyCount "74"]
[BlackFideId "712779"]
[TimeControl "40/100 + 20/50 + 15 + 30s/move"]
[WhiteFideId "1204297"]

1.d4 d5 2.c4 e6 3.Nf3 Nf6 4.Nc3 Be7 5.Bf4 O-O 6.e3 b6 7.cxd5 Nxd5 8.Nxd5 Qxd5 9.a3 Bd6 10.Bxd6 cxd6 11.Bd3 Ba6 12.O-O Bxd3 13.Qxd3 Nd7 14.Qa6 Nb8 15.Qe2 Nd7 16.Rfc1 Qb7 17.Rc2 Rfc8 18.Rac1 Nf6 19.h3 Nd5 20.Qd3 h6 21.Nd2 Ne7 22.b4 Rxc2 23.Rxc2 b5 24.Nb3 a6 25.Na5 Qd7 26.e4 Rc8 27.Rc3 Kf8 28.Kf1 Rxc3 29.Qxc3 Qc8 30.Qxc8+ Nxc8 31.Ke2 Nb6 32.Kd3 Ke7 33.h4 g5 34.hxg5 hxg5 35.g4 Kd7 36.f3 Kc7 37.Kc3 Na4+ 1/2-1/2

[Event "FIDE Grand Swiss 2023"]
[Site "Villa Marina, Douglas, Isle of Man"]
[Date "2023.10.28"]
[Round "4.51"]
[White "Henriquez Villagra, Cristobal"]
[Black "Fier, Alexandr"]
[Result "1/2-1/2"]
[WhiteElo "2630"]
[BlackElo "2574"]
[EventDate "2023.10.25"]
[ECO "B30"]
[PlyCount "67"]
[BlackFideId "2107139"]
[TimeControl "40/100 + 20/50 + 15 + 30s/move"]
[WhiteFideId "3409350"]

1.e4 c5 2.Nf3 Nc6 3.Bb5 e6 4.O-O Nge7 5.d4 cxd4 6.Nxd4 Ng6 7.c3 Be7 8.Be3 O-O 9.Nd2 Nxd4 10.cxd4 d5 11.e5 f6 12.f4 Qb6 13.Qe2 fxe5 14.fxe5 a6 15.Rxf8+ Nxf8 16.Bd3 Bd7 17.Rf1 Bb5 18.Nf3 Bxd3 19.Qxd3 Ng6 20.Rf2 Rc8 21.g3 Qb5 22.Qd1 h6 23.h4 a5 24.h5 Nh8 25.Ne1 Nf7 26.Qg4 Qd7 27.Nd3 Ng5 28.Kg2 b6 29.Nf4 Rf8 30.b3 Rf5 31.Nh3 Nxh3 32.Qxh3 Rxf2+ 33.Kxf2 Qc6 34.Kf3 1/2-1/2

[Event "FIDE Grand Swiss 2023"]
[Site "Villa Marina, Douglas, Isle of Man"]
[Date "2023.10.28"]
[Round "4.52"]
[White "Fawzy, Adham"]
[Black "Iturrizaga Bonelli, Eduardo"]
[Result "1-0"]
[WhiteElo "2535"]
[BlackElo "2615"]
[EventDate "2023.10.25"]
[ECO "C56"]
[PlyCount "79"]
[BlackFideId "3901211"]
[TimeControl "40/100 + 20/50 + 15 + 30s/move"]
[WhiteFideId "10613129"]

1.e4 e5 2.Nf3 Nc6 3.d4 exd4 4.Bc4 Nf6 5.O-O Nxe4 6.Re1 d5 7.Bxd5 Qxd5 8.Nc3 Qa5 9.Nxe4 Be6 10.Neg5 O-O-O 11.Nxe6 fxe6 12.Rxe6 Be7 13.Qd3 Bf6 14.Bd2 Qd5 15.Rae1 Qxa2 16.b3 h6 17.Qc4 Kb8 18.Bf4 Qa5 19.Rxc6 bxc6 20.Qxc6 Qb6 21.Qc4 Rd7 22.Re6 Qb7 23.Rc6 Re8 24.Bxc7+ Ka8 25.Bg3 d3 26.h4 d2 27.Nxd2 Rd4 28.Qc5 Rxd2 29.Rc7 Bd4 30.Qc4 Qe4 31.Rc8+ Kb7 32.Qf7+ Re7 33.Rb8+ Kc6 34.Qc4+ Bc5 35.Rc8+ Kd7 36.Qxc5 Ke6 37.Rf8 g5 38.Qc8+ Rdd7 39.Qa6+ Kd5 40.Rf5+ 1-0

[Event "FIDE Grand Swiss 2023"]
[Site "Villa Marina, Douglas, Isle of Man"]
[Date "2023.10.28"]
[Round "4.53"]
[White "Gupta, Abhijeet"]
[Black "Adhiban, B."]
[Result "1-0"]
[WhiteElo "2609"]
[BlackElo "2551"]
[EventDate "2023.10.25"]
[ECO "D43"]
[PlyCount "119"]
[BlackFideId "5018471"]
[TimeControl "40/100 + 20/50 + 15 + 30s/move"]
[WhiteFideId "5010608"]

1.d4 Nf6 2.c4 e6 3.Nf3 d5 4.Nc3 c6 5.Bg5 h6 6.Bh4 Be7 7.e3 Nbd7 8.Bd3 dxc4 9.Bxc4 b5 10.Bd3 Bb7 11.O-O O-O 12.a3 a5 13.Rc1 Rc8 14.Ne5 Nxe5 15.dxe5 Nd7 16.Bxe7 Qxe7 17.f4 f5 18.exf6 Nxf6 19.Ne4 Nxe4 20.Bxe4 c5 21.Bb1 Rfd8 22.Qc2 Qf6 23.h3 c4 24.Rcd1 Kf8 25.a4 b4 26.Rxd8+ Rxd8 27.f5 e5 28.Qxc4 Ba6 29.Qc5+ Qd6 30.Qxd6+ Rxd6 31.Rc1 Bb7 32.Kh2 b3 33.Rc3 Rd2 34.e4 Rd4 35.Rxb3 Bxe4 36.Rb8+ Ke7 37.Bxe4 Rxe4 38.b3 Re3 39.Rb6 Kf7 40.g4 e4 41.Kg2 Rc3 42.b4 axb4 43.Rxb4 Rc2+ 44.Kg3 e3 45.h4 e2 46.Kf2 Kf6 47.Rb6+ Ke5 48.Rg6 Ra2 49.h5 Rxa4 50.Rxg7 Ra2 51.Rg8 Rb2 52.Re8+ Kf4 53.Rg8 Ke5 54.Rg6 Kf4 55.f6 Rb7 56.Kxe2 Rd7 57.Rg7 Rd8 58.f7 Rf8 59.Kf2 Ke5 60.Kg3 1-0

[Event "FIDE Grand Swiss 2023"]
[Site "Villa Marina, Douglas, Isle of Man"]
[Date "2023.10.28"]
[Round "4.54"]
[White "Bachmann, Axel"]
[Black "Krasenkow, Michal"]
[Result "1/2-1/2"]
[WhiteElo "2604"]
[BlackElo "2531"]
[EventDate "2023.10.25"]
[ECO "A21"]
[PlyCount "64"]
[BlackFideId "1113100"]
[TimeControl "40/100 + 20/50 + 15 + 30s/move"]
[WhiteFideId "3700488"]

1.c4 e5 2.Nc3 d6 3.g3 g6 4.d4 exd4 5.Qxd4 Nf6 6.b3 Bg7 7.Bb2 O-O 8.Bg2 Nbd7 9.Nh3 Re8 10.Qd2 Nc5 11.Nf4 a5 12.O-O a4 13.Nxa4 Nxa4 14.bxa4 Rxa4 15.Qc2 Ra6 16.Bd4 Nh5 17.Bxg7 Nxg7 18.Rfd1 c6 19.c5 d5 20.e4 Bg4 21.f3 Be6 22.exd5 cxd5 23.Nxd5 Bxd5 24.f4 Nf5 25.Bxd5 Qc8 26.Re1 Ne3 27.Qb3 Nxd5 28.Qxd5 Rc6 29.Rxe8+ Qxe8 30.Kf2 Qc8 31.Rd1 Rxc5 32.Qd8+ Qxd8 1/2-1/2

[Event "FIDE Grand Swiss 2023"]
[Site "Villa Marina, Douglas, Isle of Man"]
[Date "2023.10.28"]
[Round "4.55"]
[White "Sanal, Vahap"]
[Black "Gurel, Ediz"]
[Result "1/2-1/2"]
[WhiteElo "2603"]
[BlackElo "2514"]
[EventDate "2023.10.25"]
[ECO "D43"]
[PlyCount "111"]
[BlackFideId "44507356"]
[TimeControl "40/100 + 20/50 + 15 + 30s/move"]
[WhiteFideId "6300545"]

1.d4 d5 2.c4 e6 3.Nf3 Nf6 4.Nc3 c6 5.g3 Be7 6.Bg2 O-O 7.O-O a5 8.b3 b6 9.Qd3 Ba6 10.a3 b5 11.Nd2 bxc4 12.bxc4 c5 13.dxc5 Nbd7 14.Na4 Nxc5 15.Nxc5 Bxc5 16.Bb2 dxc4 17.Nxc4 Qxd3 18.exd3 Rad8 19.Ne5 Bxd3 20.Rfc1 Bb6 21.Rc6 Ba7 22.Rc7 Bb8 23.Rc5 Be4 24.Rxa5 Bxg2 25.Kxg2 Rd2 26.Nc4 Rc2 27.Rc1 Rxc1 28.Bxc1 Rc8 29.Ra4 h5 30.Be3 Nd5 31.Bd4 f6 32.Nb6 Nxb6 33.Bxb6 Bd6 34.Ra5 Kf7 35.a4 Kg6 36.Be3 e5 37.Rd5 Rc6 38.a5 Kf5 39.Bb6 Ke6 40.Rd2 Kd7 41.Kf3 Rc3+ 42.Ke2 Kc6 43.Ra2 Kb7 44.a6+ Ka8 45.Be3 f5 46.Ra4 g6 47.h4 Bc5 48.Kd2 Bxe3+ 49.Kxc3 Bxf2 50.Kc4 Bxg3 51.Kb5 e4 52.Ra2 e3 53.a7 e2 54.Rxe2 Kxa7 55.Kc6 Bxh4 56.Kd5 1/2-1/2

[Event "FIDE Grand Swiss 2023"]
[Site "Villa Marina, Douglas, Isle of Man"]
[Date "2023.10.28"]
[Round "4.56"]
[White "Wagner, Dennis"]
[Black "Wu, Li"]
[Result "1-0"]
[WhiteElo "2589"]
[BlackElo "2303"]
[EventDate "2023.10.25"]
[ECO "B36"]
[PlyCount "125"]
[BlackFideId "411086"]
[TimeControl "40/100 + 20/50 + 15 + 30s/move"]
[WhiteFideId "24650684"]

1.c4 c5 2.Nf3 Nc6 3.d4 cxd4 4.Nxd4 g6 5.e4 Nf6 6.Nc3 d6 7.Be2 Nxd4 8.Qxd4 Bg7 9.Be3 O-O 10.Qd2 a6 11.f3 Be6 12.Rc1 Qa5 13.b3 Rfc8 14.Na4 Qxd2+ 15.Kxd2 Nd7 16.g4 Rcb8 17.Nc3 Rc8 18.h4 b5 19.Nd5 Bxd5 20.cxd5 b4 21.Rxc8+ Rxc8 22.g5 Bc3+ 23.Kd1 Nc5 24.h5 Kg7 25.Bc4 Rc7 26.Ke2 a5 27.Bb5 e5 28.Bc6 Bd4 29.h6+ Kf8 30.Bxd4 exd4 31.Rd1 d3+ 32.Ke3 Re7 33.Bb5 Re5 34.Rg1 f6 35.gxf6 Kf7 36.Bxd3 Rh5 37.Bc4 Kxf6 38.a3 Rxh6 39.axb4 axb4 40.Ra1 g5 41.Ra8 Rh1 42.Rf8+ Ke7 43.Rg8 h6 44.Rg6 Rb1 45.Rxh6 g4 46.fxg4 Re1+ 47.Kf4 Rxe4+ 48.Kf5 Re5+ 49.Kg6 Ne4 50.Rh5 Nd2 51.Bb5 Rxh5 52.gxh5 Kf8 53.Ba4 Ne4 54.Bd7 Kg8 55.Bf5 Nc3 56.Be6+ Kh8 57.Kf7 Ne2 58.Bg4 Nd4 59.Bd1 Nb5 60.Ke7 Kg7 61.Kd7 Nc3 62.Kxd6 Nxd1 63.Ke6 1-0

[Event "FIDE Grand Swiss 2023"]
[Site "Villa Marina, Douglas, Isle of Man"]
[Date "2023.10.28"]
[Round "4.57"]
[White "Kolbus, Dietmar"]
[Black "Akobian, Varuzhan"]
[Result "0-1"]
[WhiteElo "2225"]
[BlackElo "2582"]
[EventDate "2023.10.25"]
[ECO "E10"]
[PlyCount "64"]
[BlackFideId "13300580"]
[TimeControl "40/100 + 20/50 + 15 + 30s/move"]
[WhiteFideId "4610628"]

1.d4 Nf6 2.c4 e6 3.Nf3 d5 4.e3 b6 5.Nc3 Bb7 6.Be2 Nbd7 7.O-O Bd6 8.b3 a6 9.Bb2 O-O 10.Rc1 Qe7 11.Nd2 c5 12.Bf3 cxd4 13.exd4 Bb4 14.Ndb1 Ne4 15.cxd5 exd5 16.g3 f5 17.Ne2 Bd6 18.Bg2 f4 19.Qd3 g5 20.f3 Nef6 21.gxf4 gxf4 22.Rce1 Rae8 23.Bc1 Nh5 24.Bd2 Qh4 25.Nec3 Re3 26.Qc2 Kh8 27.Rf2 Ndf6 28.Nd1 Ng4 29.fxg4 f3 30.h3 Qg3 31.Rxe3 Qh2+ 32.Kf1 fxg2+ 0-1

[Event "FIDE Grand Swiss 2023"]
[Site "Villa Marina, Douglas, Isle of Man"]
[Date "2023.10.29"]
[Round "5.1"]
[White "Esipenko, Andrey"]
[Black "Caruana, Fabiano"]
[Result "1/2-1/2"]
[WhiteElo "2683"]
[BlackElo "2786"]
[EventDate "2023.10.25"]
[ECO "E10"]
[PlyCount "86"]
[BlackFideId "2020009"]
[TimeControl "40/100 + 20/50 + 15 + 30s/move"]
[WhiteFideId "24175439"]
[ePGN "0.1;DGT LiveChess/2.2.5"]

1.d4 Nf6 2.c4 e6 3.Nf3 a6 4.Nc3 d5 5.cxd5 exd5 6.Bg5 Be6 7.e3 Nbd7 8.Bd3 Bd6 9.O-O c6 10.Kh1 O-O 11.Nd2 h6 12.Bh4 g5 13.Bg3 Bxg3 14.fxg3 Kg7 15.e4 Qb6 16.exd5 cxd5 17.Nb3 Qd6 18.Qf3 b6 19.Rae1 Bg4 20.Qf2 Bh5 21.Na1 Bg6 22.Bf5 b5 23.a3 Rae8 24.Nc2 Rxe1 25.Rxe1 Re8 26.Rxe8 Nxe8 27.Bxg6 fxg6 28.Nb4 Nc7 29.Nd3 a5 30.Qe3 Nb6 31.Nc5 Nc4 32.Qe2 a4 33.h3 h5 34.g4 h4 35.Nd3 Qf6 36.Nb4 Kh6 37.Nbxd5 Nxd5 38.Nxd5 Qxd4 39.Qe8 Qxb2 40.Ne7 Qa1+ 41.Kh2 Qe5+ 42.Kh1 Qe1+ 43.Kh2 Qe5+ 1/2-1/2

[Event "FIDE Grand Swiss 2023"]
[Site "Villa Marina, Douglas, Isle of Man"]
[Date "2023.10.29"]
[Round "5.2"]
[White "Nakamura, Hikaru"]
[Black "Sarana, Alexey"]
[Result "1-0"]
[WhiteElo "2780"]
[BlackElo "2682"]
[EventDate "2023.10.25"]
[ECO "E00"]
[PlyCount "139"]
[BlackFideId "24133795"]
[TimeControl "40/100 + 20/50 + 15 + 30s/move"]
[WhiteFideId "2016192"]

1.d4 Nf6 2.c4 e6 3.Nf3 d5 4.g3 Bb4+ 5.Bd2 Be7 6.Bg2 O-O 7.O-O Nbd7 8.Bc3 b6 9.cxd5 exd5 10.Bd2 Bb7 11.Nc3 Ne4 12.Bf4 Ndf6 13.Rc1 c5 14.Nd2 Nxc3 15.Rxc3 Qd7 16.dxc5 bxc5 17.Nb3 Rac8 18.Bg5 d4 19.Bxb7 Qxb7 20.Rc4 Nd5 21.Bxe7 Qxe7 22.Qc1 Nb6 23.Rc2 Rfe8 24.Nxc5 h5 25.Rd1 Qe5 26.Rdd2 h4 27.Nd3 Qe6 28.a3 Nd5 29.Nc5 Qh3 30.Qf1 Qf5 31.Nd3 h3 32.Ne1 Nf6 33.Rxc8 Rxc8 34.Nf3 Ne4 35.Rd1 Rd8 36.Rxd4 Rxd4 37.Nxd4 Qc5 38.e3 Nd2 39.Qd1 Qd5 40.f3 Qa2 41.Kf2 Qxb2 42.Qc2 Qxc2 43.Nxc2 f5 44.g4 fxg4 45.fxg4 Kf7 46.Kg3 Kf6 47.Kxh3 Kg5 48.a4 Ne4 49.Nd4 Nf2+ 50.Kg3 Ne4+ 51.Kh3 Nf2+ 52.Kg3 Ne4+ 53.Kf3 Nd2+ 54.Ke2 Ne4 55.a5 Kxg4 56.Nc6 a6 57.Kd3 Nd6 58.e4 Kh3 59.e5 Ne8 60.e6 Kxh2 61.Nb4 g5 62.Nxa6 g4 63.Nb4 g3 64.Nc2 g2 65.Ne1 g1=Q 66.Nf3+ Kg3 67.Nxg1 Kf4 68.a6 Ke5 69.a7 Nc7 70.e7 1-0

[Event "FIDE Grand Swiss 2023"]
[Site "Villa Marina, Douglas, Isle of Man"]
[Date "2023.10.29"]
[Round "5.3"]
[White "Firouzja, Alireza"]
[Black "Niemann, Hans Moke"]
[Result "1/2-1/2"]
[WhiteElo "2777"]
[BlackElo "2667"]
[EventDate "2023.10.25"]
[ECO "A07"]
[PlyCount "105"]
[BlackFideId "2093596"]
[TimeControl "40/100 + 20/50 + 15 + 30s/move"]
[WhiteFideId "12573981"]

1.Nf3 d5 2.g3 Nf6 3.Bg2 e6 4.O-O Be7 5.d3 O-O 6.Re1 Nc6 7.d4 a5 8.Nc3 Ne4 9.Nb5 a4 10.Bf4 Bd6 11.Ne5 Nxe5 12.dxe5 Be7 13.c4 Bd7 14.Na3 Bc5 15.Rf1 f6 16.exf6 Nxf2 17.Rxf2 Bxf2+ 18.Kxf2 Qxf6 19.Kg1 Qxb2 20.Qc1 Qxe2 21.cxd5 exd5 22.Bxd5+ Kh8 23.Qc3 Rae8 24.Bxb7 c6 25.Nc4 Re4 26.Qd2 Qxc4 27.Qxd7 Re2 28.Bxc6 Qc5+ 29.Kh1 Qf2 30.Qh3 Re1+ 31.Rxe1 Qxe1+ 32.Kg2 Qe2+ 33.Kg1 Qd1+ 34.Qf1 Qxf1+ 35.Kxf1 g5 36.Bxa4 gxf4 37.Kg2 Kg7 38.Bb5 Kh6 39.a4 fxg3 40.hxg3 Rf5 41.Bc6 Rc5 42.Bb5 Kg5 43.Bd3 h6 44.Kh3 Rc3 45.Bb5 Re3 46.Bd7 Re2 47.Bb5 Ra2 48.Bd7 Kf6 49.Kg4 Rd2 50.Bb5 Rd4+ 51.Kh3 Kg5 52.Bc6 Rc4 53.Bb5 1/2-1/2

[Event "FIDE Grand Swiss 2023"]
[Site "Villa Marina, Douglas, Isle of Man"]
[Date "2023.10.29"]
[Round "5.4"]
[White "Sindarov, Javokhir"]
[Black "Yu, Yangyi"]
[Result "1/2-1/2"]
[WhiteElo "2658"]
[BlackElo "2720"]
[EventDate "2023.10.25"]
[ECO "C42"]
[PlyCount "60"]
[BlackFideId "8603820"]
[TimeControl "40/100 + 20/50 + 15 + 30s/move"]
[WhiteFideId "14205483"]

1.e4 e5 2.Nf3 Nf6 3.Nxe5 d6 4.Nf3 Nxe4 5.d4 d5 6.Bd3 Nc6 7.O-O Be7 8.c4 Nb4 9.Be2 O-O 10.Nc3 Bf5 11.a3 Nxc3 12.bxc3 Nc6 13.Re1 Re8 14.Bf4 dxc4 15.Bxc4 Bd6 16.Qd2 Qf6 17.Bg5 Qg6 18.Nh4 Qh5 19.f3 h6 20.Nxf5 Qxg5 21.Qxg5 Rxe1+ 22.Rxe1 hxg5 23.a4 Rd8 24.Nxd6 cxd6 25.Bd5 Rc8 26.Bxc6 Rxc6 27.Re8+ Kh7 28.Re7 Rxc3 29.Rxb7 Rc4 30.Rxa7 Rxd4 1/2-1/2

[Event "FIDE Grand Swiss 2023"]
[Site "Villa Marina, Douglas, Isle of Man"]
[Date "2023.10.29"]
[Round "5.5"]
[White "Keymer, Vincent"]
[Black "Predke, Alexandr"]
[Result "1/2-1/2"]
[WhiteElo "2717"]
[BlackElo "2656"]
[EventDate "2023.10.25"]
[ECO "D27"]
[PlyCount "97"]
[BlackFideId "24107581"]
[TimeControl "40/100 + 20/50 + 15 + 30s/move"]
[WhiteFideId "12940690"]

1.d4 d5 2.c4 dxc4 3.Nf3 Nf6 4.e3 e6 5.Bxc4 a6 6.O-O c5 7.Nbd2 cxd4 8.Nxd4 Bc5 9.Bd3 O-O 10.Ne4 Nbd7 11.Qc2 Qe7 12.Bd2 Nxe4 13.Bxe4 Nf6 14.Bf3 e5 15.Nb3 Bd6 16.Bc3 Be6 17.Rfd1 Rac8 18.Bxb7 Qxb7 19.Rxd6 Ne4 20.Rd3 Bf5 21.Qd1 Nf6 22.Bxe5 Bxd3 23.Bxf6 Qe4 24.Bc3 Bc2 25.Qd4 Qg6 26.Qf4 Bxb3 27.axb3 Rfd8 28.h4 h6 29.Ra4 Rc5 30.Qg4 Rc6 31.Qf3 Qe6 32.Rg4 f6 33.b4 Kh7 34.Qe4+ Qxe4 35.Rxe4 h5 36.Re7 Kg6 37.g3 Rcd6 38.Rc7 R8d7 39.Rc4 Kf7 40.Kg2 Ke6 41.e4 Rb7 42.Rc8 Kf7 43.Kf3 Re6 44.Ke3 Re8 45.Rc5 Rb5 46.Rc4 Rbb8 47.Rc6 Re6 48.Rc5 Rb5 49.Rc7+ 1/2-1/2

[Event "FIDE Grand Swiss 2023"]
[Site "Villa Marina, Douglas, Isle of Man"]
[Date "2023.10.29"]
[Round "5.6"]
[White "Najer, Evgeniy"]
[Black "Vidit, Santosh Gujrathi"]
[Result "1/2-1/2"]
[WhiteElo "2648"]
[BlackElo "2716"]
[EventDate "2023.10.25"]
[ECO "C65"]
[PlyCount "78"]
[BlackFideId "5029465"]
[TimeControl "40/100 + 20/50 + 15 + 30s/move"]
[WhiteFideId "4118987"]

1.e4 e5 2.Nf3 Nc6 3.Bb5 Nf6 4.d3 Bc5 5.c3 O-O 6.O-O d5 7.exd5 Qxd5 8.Bc4 Qd8 9.b4 Bd6 10.Re1 h6 11.Nbd2 Re8 12.a4 a6 13.Bb2 Bf5 14.Qb3 Qd7 15.Ne4 Nxe4 16.dxe4 Be6 17.Red1 Rab8 18.Bc1 b5 19.Bxe6 Rxe6 20.Be3 Ne7 21.Ne1 Qc8 22.Nd3 Rg6 23.g3 Qg4 24.Nc5 Bxc5 25.Bxc5 Nc6 26.Re1 Nd8 27.Ba7 Rb7 28.Be3 Rd6 29.Bc5 Rd7 30.axb5 axb5 31.Qc2 Ne6 32.Qe2 Qxe2 33.Rxe2 Rd3 34.Re3 Rd2 35.Ra8+ Kh7 36.h4 h5 37.Kf1 Kg6 38.Ra6 Rb8 39.Re2 Rd1+ 1/2-1/2

[Event "FIDE Grand Swiss 2023"]
[Site "Villa Marina, Douglas, Isle of Man"]
[Date "2023.10.29"]
[Round "5.7"]
[White "Erigaisi, Arjun"]
[Black "Jumabayev, Rinat"]
[Result "1-0"]
[WhiteElo "2712"]
[BlackElo "2585"]
[EventDate "2023.10.25"]
[ECO "C65"]
[PlyCount "135"]
[BlackFideId "13702661"]
[TimeControl "40/100 + 20/50 + 15 + 30s/move"]
[WhiteFideId "35009192"]

1.e4 e5 2.Nf3 Nc6 3.Bb5 Nf6 4.d3 Bc5 5.c3 d5 6.exd5 Qxd5 7.Bc4 Qd6 8.b4 Bb6 9.Nbd2 Bg4 10.a4 e4 11.dxe4 a5 12.bxa5 Nxa5 13.Bb5+ c6 14.Be2 O-O-O 15.O-O Rhe8 16.e5 Qe6 17.exf6 Qxe2 18.Qxe2 Rxe2 19.fxg7 Rg8 20.Nd4 Ree8 21.Ba3 Rxg7 22.Rfe1 Rd8 23.Rab1 Bc7 24.Re7 Bh3 25.g3 b6 26.Bb4 Nb7 27.Nc4 Rg6 28.Rxf7 c5 29.Nb5 Rd7 30.Rxd7 Bxd7 31.Ba3 Be6 32.Ne3 Bf4 33.Bc1 Na5 34.Ng2 Bb8 35.Bf4 Bb3 36.Bxb8 Kxb8 37.f4 Bxa4 38.f5 Rg8 39.Ne3 Rd8 40.Na3 Bb3 41.Kf2 Kc7 42.Kf3 Kc6 43.g4 Rd2 44.f6 Kd7 45.Re1 Rxh2 46.c4 Ra2 47.Nb5 Nxc4 48.Nxc4 Bxc4 49.Re7+ Kc6 50.Na7+ Kd6 51.Nc8+ Kc6 52.Rxh7 Ra8 53.Ne7+ Kd6 54.Kf4 b5 55.Nf5+ Kc6 56.g5 b4 57.g6 b3 58.f7 b2 59.Rh1 Ba2 60.Ke5 Kb5 61.Nd6+ Kb4 62.Ne8 Bxf7 63.gxf7 Ra1 64.Rh4+ Ka5 65.f8=Q b1=Q 66.Nd6 Qb2+ 67.Ke6 Qe2+ 68.Kd7 1-0